Map: [ESL] Alcyone

Players

Dark

  • Race: Zerg Zerg
  • Spawn Location: 1:00

Cure - Winner!

  • Race: Terran Terran
  • Spawn Location: 7:00

Event: ESL SC2 Masters 2023 Winter (Finals)

VOD

Have the link to the VOD?

Description

Time

  • Played on: Dec. 17, 2023, 2:46 p.m.
  • Length: 13:45

All games in this series

Show
View Real Time Build Order
Export as new Build Order

Dark Zerg 

Build Orders: Hatch First 

Get SALT Encoding   

  12  0:00  Drone  
  13  0:12  Overlord  
  13  0:17  Drone  
  14  0:30  Drone x2  
  16  0:50  Hatchery  
  16  0:54  Drone  
  16  0:57  Drone  
  16  0:59  Drone  
  18  1:13  Extractor  
  18  1:14  Spawning Pool  
  18  1:17  Drone  
  17  1:20  Drone  
  18  1:28  Drone  
  19  1:39  Drone  
  20  1:49  Drone  
  21  2:02  Queen x2  
  21  2:03  Zergling x4  
  27  2:12  Overlord  
  27  2:14  Zergling x2  
  28  2:23  Hatchery  
  28  2:28  Drone  
  28  2:33  Drone x2  
  30  2:38  Spore Crawler  
  28  2:44  Queen  
  28  2:51  Metabolic Boost  
  30  2:54  Queen  
  30  2:56  Zergling x2  
  34  3:03  Zergling x4  
  35  3:06  Overlord  
  35  3:09  Overlord  
  35  3:24  Queen  
  35  3:25  Drone x3  
  35  3:26  Drone  
  41  3:29  Drone  
  41  3:31  Drone  
  44  3:39  Drone x2, Overlord  
  44  3:40  Queen  
  47  3:44  Drone  
  48  3:48  Drone  
  48  3:55  Drone  
  50  3:56  Drone  
  50  3:57  Overlord  
  50  3:58  Drone  
  53  4:02  Drone  
  52  4:15  Zergling x10  
  57  4:18  Queen x2  
  61  4:29  Hatchery  
  61  4:31  Overlord  
  60  4:32  Drone x2  
  62  4:46  Drone x5  
  67  4:57  Drone x4  
  71  5:02  Drone  
  71  5:03  Drone x2  
  74  5:11  Overlord  
  74  5:12  Extractor, Queen  
  74  5:13  Baneling Nest, Lair  
  74  5:14  Extractor  
  74  5:17  Overlord  
  74  5:19  Overlord  
  73  5:25  Overlord  
  73  5:26  Drone  
  73  5:27  Drone x2  
  76  5:34  Drone  
  77  5:39  Evolution Chamber  
  77  5:40  Drone, Evolution Chamber  
  77  5:42  Drone  
  79  5:45  Zergling x8  
  79  5:48  Zergling x2  
  79  5:49  Zergling x4  
  84  5:51  Drone  
  84  5:53  Drone  
  86  5:59  Zergling x2  
  86  6:01  Baneling  
  86  6:02  Baneling x7  
  86  6:03  Drone x2  
  89  6:08  Zergling x2  
  90  6:12  Zerg Melee Weapons Level 1  
  90  6:13  Drone x2  
  90  6:16  Zergling x12  
  98  6:18  Zerg Ground Armor Level 1  
  98  6:21  Drone  
  99  6:29  Extractor  
  99  6:31  Centrifugal Hooks  
  98  6:33  Zergling x12  
  104  6:40  Hatchery  
  104  6:41  Drone  
  104  6:42  Drone x3  
  104  6:44  Extractor  
  106  6:54  Burrow  
  106  6:55  Drone x4  
  106  6:56  Drone x2  
  106  7:00  Zergling x4  
  113  7:11  Overlord x2  
  113  7:13  Overlord  
  113  7:15  Overlord  
  113  7:19  Overlord  
  113  7:26  Baneling x4  
  113  7:30  Zergling x10  
  113  7:33  Zergling x4  
  113  7:35  Baneling x8  
  118  7:39  Zergling x6  
  121  7:46  Zergling x16  
  128  7:54  Zergling x4  
  128  7:56  Overlord  
  130  7:59  Overlord  
  130  8:04  Overlord  
  130  8:06  Hatchery  
  130  8:09  Zergling x10  
  130  8:10  Hatchery  
  130  8:11  Baneling x3  
  133  8:13  Zerg Ground Armor Level 2  
  133  8:17  Zergling x2  
  133  8:18  Zergling x10  
  133  8:19  Baneling x3  
  139  8:27  Zergling x4  
  139  8:30  Zergling x2  
  139  8:37  Zergling x10  
  144  8:44  Infestation Pit  
  144  8:47  Zergling x2  
  144  8:48  Zergling x12  
  149  8:59  Zergling x6  
  146  9:03  Zergling x8  
  146  9:05  Evolution Chamber  
  146  9:09  Queen  
  139  9:10  Queen x2  
  145  9:18  Drone  
  145  9:19  Drone x5  
  145  9:20  Drone x2  
  136  9:36  Zergling x14  
  133  9:42  Zerg Melee Weapons Level 2  
  133  9:44  Zergling x12  
  137  9:48  Queen  
  137  9:50  Zergling x4  
  137  9:51  Queen  
  141  9:54  Drone, Spore Crawler  
  141  9:55  Drone  
  141  9:56  Baneling x2  
  141  9:58  Baneling x4  
  141  9:59  Zergling x4  
  144  10:03  Baneling x2  
  144  10:04  Drone x3  
  144  10:07  Hive  
  144  10:11  Drone x3  
  135  10:15  Zergling x4  
  135  10:20  Zergling x2  
  138  10:23  Zergling x4  
  138  10:25  Zergling x2  
  141  10:30  Zergling x2  
  142  10:37  Hatchery  
  142  10:38  Zergling x16  
  142  10:42  Zergling x2  
  150  10:44  Drone  
  150  10:45  Baneling  
  150  10:46  Drone x2, Baneling  
  153  10:55  Zergling x4  
  150  10:59  Zergling x10  
  150  11:11  Zergling x12  
  138  11:12  Drone  
  138  11:16  Hydralisk Den  
  138  11:17  Zergling x2, Zerg Missile Weapons Level 1  
  139  11:19  Zergling x4  
  139  11:21  Baneling x3  
  140  11:25  Zergling x2  
  140  11:26  Zergling x6  
  140  11:27  Drone  
  145  11:34  Adrenal Glands  
  145  11:37  Zergling x14, Evolution Chamber  
  145  11:38  Baneling x3  
  145  11:39  Baneling x5  
  147  11:47  Zergling x4  
  147  11:50  Hydralisk x2  
  147  11:54  Hydralisk x4, Grooved Spines  
  160  12:01  Hydralisk x3  
  160  12:05  Hydralisk x2  
  170  12:15  Hatchery  
  169  12:22  Zergling x30  
  182  12:28  Hatchery  
  182  12:29  Zergling x2, Overlord x2  
  182  12:32  Baneling x2  
  182  12:33  Baneling x5  
  182  12:40  Zergling x2  
  182  12:43  Zergling x6  
  182  12:44  Zergling x2  
  152  12:54  Zergling x18  
  152  12:56  Overseer  
  152  12:58  Drone x3  
  147  13:05  Viper  
  148  13:07  Zergling x4  
  148  13:08  Zergling x8  
  148  13:12  Zergling x10  
  162  13:16  Drone  
  162  13:17  Drone x2  
  165  13:20  Drone x3  
  165  13:22  Baneling x2  
  165  13:25  Zergling x4  
Show
View Real Time Build Order
Export as new Build Order

Cure Terran - Winner!

Build Orders:  

Get SALT Encoding   

  12  0:00  SCV  
  13  0:12  SCV  
  14  0:18  Supply Depot  
  14  0:24  SCV  
  15  0:39  SCV  
  15  0:41  Barracks  
  16  0:44  Refinery  
  16  0:51  SCV  
  17  0:58  Barracks  
  17  1:03  SCV  
  18  1:16  SCV  
  18  1:18  Barracks  
  19  1:28  Reaper  
  20  1:34  Orbital Command  
  20  1:41  Refinery  
  20  1:45  Reaper  
  21  1:51  Supply Depot  
  21  1:59  SCV  
  22  2:03  Reaper  
  23  2:13  Reaper, SCV  
  25  2:18  Supply Depot  
  25  2:24  Reaper  
  25  2:25  SCV  
  27  2:35  Reaper  
  28  2:43  SCV  
  29  2:48  Reaper  
  30  2:58  SCV  
  31  3:00  Command Center  
  31  3:02  Reaper  
  32  3:10  SCV  
  32  3:11  Barracks Tech Lab  
  33  3:13  Engineering Bay  
  33  3:21  Barracks Reactor  
  33  3:22  SCV  
  34  3:30  Stimpack, Marine  
  35  3:34  SCV  
  35  3:35  Barracks Reactor  
  36  3:46  SCV  
  37  3:51  Factory  
  37  3:57  Marine  
  37  4:01  SCV  
  39  4:11  Marine x4  
  39  4:13  SCV  
  39  4:14  Marine  
  39  4:15  Orbital Command  
  45  4:25  SCV  
  45  4:28  Terran Infantry Weapons Level 1  
  45  4:29  Marine x2  
  50  4:33  Supply Depot  
  50  4:36  Supply Depot  
  50  4:37  Starport  
  49  4:39  SCV  
  49  4:41  SCV  
  49  4:42  Factory Reactor  
  50  4:54  Marine x2  
  50  4:55  Marine x3  
  50  4:56  SCV x2  
  56  5:01  Supply Depot  
  56  5:08  SCV x2  
  56  5:10  Combat Shield  
  56  5:12  Marine x4  
  56  5:13  Marine  
  63  5:20  SCV x2  
  64  5:28  Refinery  
  64  5:30  Marine x3  
  64  5:31  Factory Tech Lab  
  64  5:32  SCV, Medivac  
  64  5:33  SCV  
  71  5:37  Medivac  
  71  5:39  Supply Depot  
  71  5:40  Marine  
  71  5:42  Marine  
  75  5:44  SCV  
  75  5:45  SCV  
  77  5:50  Marine  
  77  5:54  Supply Depot  
  78  6:00  Marine x3  
  78  6:01  Siege Tank, SCV x2  
  86  6:07  Supply Depot  
  86  6:09  Supply Depot  
  86  6:15  Marine x2  
  88  6:18  Marine x2  
  88  6:22  Terran Infantry Armor Level 1  
  90  6:31  Command Center  
  90  6:36  Siege Tank  
  90  6:37  SCV x2  
  90  6:38  Medivac  
  90  6:39  Marine x2  
  97  6:40  Marine x3  
  102  6:48  Supply Depot  
  102  6:55  Barracks, Refinery  
  102  6:57  SCV x2  
  102  6:58  Barracks  
  102  6:59  Marine x2  
  102  7:00  Marine  
  107  7:01  Marine  
  107  7:03  Marine  
  109  7:11  SCV, Supply Depot  
  109  7:12  SCV  
  111  7:21  Marine x2  
  111  7:22  Marine x3  
  116  7:26  Medivac  
  118  7:32  Medivac  
  118  7:33  Siege Tank  
  118  7:35  Supply Depot  
  123  7:40  Armory  
  123  7:41  Engineering Bay  
  123  7:45  Barracks Reactor x2  
  123  7:50  Marine x5  
  127  7:55  SCV x2  
  129  8:03  Medivac  
  129  8:04  Orbital Command  
  134  8:05  Siege Tank  
  134  8:09  Marine x3  
  137  8:21  Marine x2  
  137  8:24  SCV x2  
  137  8:26  Terran Infantry Weapons Level 2  
  137  8:29  Marine x4  
  137  8:32  Orbital Command  
  141  8:41  Terran Infantry Armor Level 2  
  141  8:50  SCV x2  
  143  8:56  Barracks x2  
  143  8:58  Barracks  
  143  9:02  SCV, Marine x4  
  144  9:04  SCV  
  144  9:05  SCV  
  136  9:11  Widow Mine  
  136  9:12  Widow Mine  
  136  9:13  Medivac x2  
  136  9:14  SCV  
  136  9:15  Orbital Command  
  145  9:26  Marauder, Marine x2  
  145  9:29  Marine x4  
  132  9:46  Medivac x2, Widow Mine x2  
  132  9:50  Marauder, Marine x4  
  145  9:57  SCV x2  
  145  9:58  SCV  
  146  10:00  Barracks Tech Lab x2, Supply Depot x3  
  146  10:03  Barracks Tech Lab  
  146  10:07  Widow Mine  
  136  10:16  Widow Mine  
  136  10:17  Marauder, Marine x6  
  142  10:36  SCV x3  
  142  10:40  Command Center, Marauder x3, Marine x2  
  153  10:54  Marauder, Marine x4  
  157  10:58  Widow Mine x2, Marine  
  142  11:11  Marine x3  
  142  11:12  Marauder  
  147  11:19  Liberator x2  
  152  11:27  Concussive Shells  
  152  11:29  Marauder, Marine x3  
  157  11:37  Marine  
  157  11:38  Marauder x2, Marine x2  
  164  11:44  Widow Mine x2  
  164  11:46  Marauder, Marine  
  164  11:57  SCV x3  
  165  12:05  Widow Mine  
  167  12:09  Marauder x3, Marine x3  
  176  12:17  Widow Mine, Medivac x2  
  176  12:21  Marauder, Marine x2  
  183  12:27  Widow Mine  
  183  12:28  Planetary Fortress  
  185  12:38  Marine  
  185  12:39  Marauder  
  188  12:49  Marauder, Marine x3  
  181  12:57  Marine x3  
  181  12:58  Marauder x3  
  168  12:59  Marine  
  168  13:00  Widow Mine x2  
  168  13:02  Medivac x2  
  175  13:06  SCV x2  
  175  13:07  SCV  
  178  13:15  Marine x4  
  178  13:16  Marauder  
  184  13:21  SCV x4  
Tags
 
Add a new tag
Caveats
  • Supply blocks, unpowered buildings, or Contaminate may cause inaccurate times.
  • Supply counts are checked every 10 seconds.